 Dungeon Crawl Stone Soup version 0.21-a0-584-g185da8e (webtiles) character file.

72 Megalobster the Firebug (level 4, -1/24 HPs)
             Began as a Deep Elf Fire Elementalist on Dec 21, 2017.
             Slain by an iguana (14 damage)
             ... on level 2 of the Dungeon.
             The game lasted 00:07:10 (2119 turns).

Megalobster the Firebug (DEFE)                      Turns: 2119, Time: 00:07:10

Health: -1/24      AC:  2    Str:  5    XL:     4   Next: 7%
Magic:  2/11       EV: 13    Int: 21    God:
Gold:   51         SH:  2    Dex: 15    Spells: 0/10 levels left

rFire    + . .     SeeInvis .   i - +0 short sword
rCold    . . .     Gourm    .   (no shield)
rNeg     . . .     Faith    .   a - +0 robe
rPois    +         Spirit   .   (no helmet)
rElec    .         Reflect  +   (no cloak)
rCorr    .         Harm     .   (no gloves)
MR       .....                  (no boots)
Stlth    ++........             g - +2 amulet of reflection
HPRegen  0.08/turn              p - ring of protection from fire
MPRegen  0.12/turn              u - ring of poison resistance

@: no status effects
A: no striking features
a: no special abilities


You were on level 2 of the Dungeon.
You were not hungry.

You visited 1 branch of the dungeon, and saw 2 of its levels.

You collected 51 gold pieces.

Inventory:

Hand Weapons
 f - a +0 club
 i - a +0 short sword (weapon)
Missiles
 e - 40 stones (quivered)
Armour
 a - a +0 robe (worn)
Jewellery
 g - a +2 amulet of reflection (around neck)
 p - a ring of protection from fire (left hand)
 u - a ring of poison resistance (right hand)
Scrolls
 d - 2 scrolls of immolation {unknown}
 j - a scroll of noise {unknown}
 k - a scroll of fog {unknown}
 m - 2 scrolls of magic mapping {unknown}
 o - a scroll of teleportation {unknown}
 r - a scroll of identify {unknown}
Potions
 h - 2 potions of curing {unknown}
 l - a potion of brilliance {unknown}
 n - 2 potions of ambrosia {unknown}
 q - a potion of magic {unknown}
 s - a potion of might {unknown}
 t - a potion of lignification {unknown}
Books
 b - a book of Flames

   Spells                             Type                      Level
   a - Flame Tongue                   Conjuration/Fire             1
   b - Throw Flame                    Conjuration/Fire             2
   c - Conjure Flame                  Conjuration/Fire             3
   d - Inner Flame                    Hexes/Fire                   3
   e - Sticky Flame                   Conjuration/Fire             4
   f - Fireball                       Conjuration/Fire             5
Comestibles
 c - 5 rations


   Skills:
 + Level 0.0 Fighting
 + Level 2.4 Dodging
 - Level 2.4 Stealth
 + Level 3.9 Spellcasting
 * Level 3.1 Conjurations
 + Level 3.9 Fire Magic


You couldn't memorise any spells.
You knew the following spells:

 Your Spells              Type           Power        Failure   Level  Hunger
f - Throw Flame           Conj/Fire      ###...       4%          2    #......
h - Conjure Flame         Conj/Fire      ###.....     9%          3    ###....
u - Sticky Flame          Conj/Fire      ###.....     28%         4    ####...
z - Flame Tongue          Conj/Fire      ###..        2%          1    None


Dungeon Overview and Level Annotations

Branches:
Dungeon (2/15)

Altars:
Ashenzari


Message History

The iguana is heavily wounded.
The iguana barely misses you.
You hit the iguana but do no damage.
The iguana is heavily wounded.
The iguana bites you!
Ouch! That really hurt!
A bat comes into view.
Okay, then.
The iguana hisses menacingly.
Your magical contamination has completely faded away.
Casting: Sticky Flame
Confirm with . or Enter, or press ? or * to list all spells.
Aiming: Flame Tongue
Press: ? - help, Shift-Dir - straight line, f/p - iguana
Aim: an iguana (heavily wounded)
The flame tongue hits the iguana.
The iguana is almost dead.
The iguana bites you!
Ouch! That really hurt!
You die...

####...#
#.#..>........#####....
#...####.#.#'#######....#.....
#......#.#.#.#......#...#⌠.##+
#......#.#.#.#.#....#.#.####
#..........#.#.+....+.#....#
#........).#.###....###.#..#
#....#.....#...#........#..###
#....#.....###<#.########.....
#....#......l@.#.#........#.##
#....#....######.#.########.##
##.#.............#.# ####.#
#.######.....####.# ......#
#......'..........###.....###
########.................. #
#..................... #
#.................... #
#....#...........# #


You could see an iguana.

Vanquished Creatures
  3 adders (D:2)
  An ooze (D:1)
  2 worms (D:2)
  A leopard gecko (D:2)
  A ball python (D:2)
  5 bats
  3 giant cockroaches
  3 goblins (D:2)
  3 hobgoblins
  A quokka (D:2)
  3 frilled lizards (D:1)
  2 kobolds (D:1)
  7 rats
35 creatures vanquished.

Notes
Turn   | Place    | Note
-------+----------+-------------------------------------------
     0 | D:1      | Megalobster the Deep Elf Fire Elementalist began the quest for the Orb.
     0 | D:1      | Reached XP level 1. HP: 10/10 MP: 6/6
   485 | D:1      | Reached XP level 2. HP: 15/15 MP: 4/8
   523 | D:1      | Learned a level 2 spell: Throw Flame
  1108 | D:2      | Reached XP level 3. HP: 19/19 MP: 7/10
  1516 | D:2      | Found a shattered altar of Ashenzari.
  1700 | D:2      | Reached XP level 4. HP: 24/24 MP: 5/11
  1725 | D:2      | Learned a level 3 spell: Conjure Flame
  1730 | D:2      | Learned a level 4 spell: Sticky Flame
  2119 | D:2      | Slain by an iguana

Vault maps used:
D:1:      lemuel_arrival_rhombus, minmay_misc_feat_tower
D:2:      evilmike_ruin_ashenzari, minmay_cut_off

Skill      XL: |  1  2  3 |
---------------+----------+-----
Conjurations   | 2 3 |  3.1
Dodging        | |  2.4
Stealth        | |  2.4
Spellcasting   | |  3.9
Fire Magic     | |  3.9

Action                   |  1- 3 |  4- 6 || total
-------------------------+-------+-------++-------
Melee: Unarmed           |     2 |       ||     2
       Short sword       |     7 |     2 ||     9
 Cast: Flame Tongue      |    46 |     3 ||    49
       Throw Flame       |    11 |     4 ||    15
 Stab: Sleeping          |     2 |       ||     2
  Eat: Chunk             |     3 |       ||     3
       Ration            |       |     1 ||     1
Armor: Robe              |     4 |       ||     4
Dodge: Dodged            |    13 |     3 ||    16

Table legend:
 A = Spawn XP
 B = Non-spawn XP
 C = Spawn XP percentage of total XP
 D = Spawn monster count
 E = Non-spawn monster count
 F = Spawn count percentage of total count
 G = Total turns spent on level
                    A         B        C        D         E        F      G
               +---------+---------+-------+---------+---------+-------+---------
         Total |       0 |     104 |   0.0 |       0 |      35 |   0.0 |  2119
               +---------+---------+-------+---------+---------+-------+---------
           D:1 |       0 |      31 |   0.0 |       0 |      18 |   0.0 |  1091
           D:2 |       0 |      73 |   0.0 |       0 |      17 |   0.0 |  1028
               +---------+---------+-------+---------+---------+-------+---------
